 Dungeon Crawl Stone Soup version bcrawl-1.12-10-g10a67aac0f (webtiles) character file.

Game seed: 5972190469021514128

210 MisterOstroum the Skirmisher (level 5, 0/44 HPs)
             Began as a Demonspawn Wanderer on June 19, 2019.
             Slain by a scorpion (6 damage)
             ... on level 3 of the Dungeon.
             The game lasted 00:14:06 (1989 turns).

MisterOstroum the Skirmisher (Demonspawn Wanderer)  Turns: 1989, Time: 00:14:07

Health: 0/44       AC:  6    Str: 15    XL:     5   Next: 57%
Magic:  5/5        EV: 12    Int: 13    God:
Gold:   244        SH:  0    Dex: 11    Spells: 4/4 levels left

rFire    . . .     SeeInvis +   a - +2 hand axe
rCold    . . .     Gourm    .   (no shield)
rNeg     . . .     Faith    .   b - +0 ring mail
rPois    +         Spirit   .   (no helmet)
rElec    .         Reflect  .   (no cloak)
rCorr    .         Harm     .   (no gloves)
MR       .....                  i - +0 pair of boots
Stlth    +.........             (no amulet)
HPRegen  0.14/turn              g - ring of see invisible
MPRegen  0.09/turn              c - ring of poison resistance

@: lethally poisoned (0 -> -6)
A: hooves 1, repulsion field 1, powered by death 1
a: no special abilities


You were on level 3 of the Dungeon.
You were not hungry.

You visited 1 branch of the dungeon, and saw 4 of its levels.

You collected 244 gold pieces.

Inventory:

Hand Weapons
 a - a +2 hand axe (weapon)
 r - a +0 hunting sling
Missiles
 h - 777 stones (quivered)
 n - 268 sling bullets
Armour
 b - a +0 ring mail (worn)
 i - a +0 pair of boots (worn)
Jewellery
 c - a ring of poison resistance (right hand)
 g - a ring of see invisible (left hand)
Wands
 f - a wand of digging (5)
Scrolls
 d - a scroll of enchant armour {unknown}
 k - 2 scrolls of teleportation {unknown}
 l - a scroll of identify {unknown}
 m - a scroll of magic mapping {unknown}
 o - a scroll of enchant weapon {unknown}
 p - a scroll of remove curse {unknown}
Potions
 j - a potion of agility {@q5 !q}
Comestibles
 e - 5 rations {!d}
 q - 8 chunks of flesh


   Skills:
 + Level 5.2 Fighting
 * Level 4.7 Axes
 + Level 1.2 Armour
 + Level 0.3 Dodging
 - Level 1.0 Stealth
 - Level 1.0 Evocations


You had 4 spell levels left.
You didn't know any spells.
Your spell library was empty.

Dungeon Overview and Level Annotations

Branches:
Dungeon (4/12)
 Temple: D:4-7

Altars:
Ashenzari

Annotations:
D:2 Sigmund


Innate Abilities, Weirdness & Mutations

You have large cloven feet.
You are surrounded by a mild repulsion field. (EV +2)
You regenerate a little health from kills.


Message History

a +0 short sword; a +0 falchion; a kobold corpse; an orc skeleton
Things that are here:
a +0 club x2; an orc corpse You butcher the orc corpse.
q - 8 chunks of flesh (gained 4)
Things that are here:
a +0 club x2; an orc skeleton
Things that are here:
a +0 club x2; an orc skeleton You now have 244 gold pieces (gained 6).
Found a stone staircase leading down.
Wield which item (- for none, * to show all)? (? for menu, Esc to quit)
Okay, then.
Wield which item (- for none, * to show all)? (? for menu, Esc to quit)
r - a +0 hunting sling (weapon)
Firing (i - inventory. (/) - cycle)
h - 778 stones (quivered)
Press: ? - help, Shift-Dir - straight line, f - scorpion
Aim: a scorpion You shoot a stone.
The stone hits the scorpion but does no damage.
Firing (i - inventory. (/) - cycle)
n - 270 sling bullets (quivered)
Press: ? - help, Shift-Dir - straight line, f/p - scorpion
Aim: a scorpion You shoot a sling bullet.
The sling bullet barely misses the scorpion.
Firing (i - inventory. (/) - cycle)
n - 269 sling bullets (quivered)
Press: ? - help, Shift-Dir - straight line, f/p - scorpion
Aim: a scorpion You shoot a sling bullet.
The sling bullet hits the scorpion.
The scorpion is lightly wounded.
Wield which item (- for none, * to show all)? (? for menu, Esc to quit)
a - a +2 hand axe (weapon)
You closely miss the scorpion.
The scorpion is lightly wounded.
The scorpion closely misses you.
You barely miss the scorpion.
The scorpion is lightly wounded.
The scorpion stings you.
You hit the scorpion.
The scorpion is moderately wounded.
The scorpion stings you!
You are poisoned.
The scorpion poisons you!
You hit the scorpion.
The scorpion is heavily wounded.
You feel sick. The scorpion misses you.
You barely miss the scorpion.
The scorpion is heavily wounded.
You feel sick. The scorpion closely misses you.
You hit the scorpion.
The scorpion is heavily wounded.
You feel sick.
The scorpion stings you but does no damage.
You hit the scorpion but do no damage.
The scorpion is heavily wounded.
You feel sick. The scorpion closely misses you.
You completely miss the scorpion.
The scorpion is heavily wounded.
You feel sick. The scorpion closely misses you.
You closely miss the scorpion.
The scorpion is heavily wounded.
The scorpion stings you!
You are more poisoned.
The scorpion poisons you!
You are too injured to fight recklessly!
You are too injured to fight recklessly!
You are too injured to fight recklessly!
You are too injured to fight recklessly!
You are too injured to fight recklessly!
Really quaff
j - a potion of agility {@q5 !q}? [Y]es or [N]o only, please.
Really quaff
j - a potion of agility {@q5 !q}?
Okay, then.
You feel sick.
You feel sick.
You feel sick.
You feel sick.
You feel sick. The scorpion stings you.
* * * LOW HITPOINT WARNING * * *
* * * LOW HITPOINT WARNING * * *
You feel sick.
* * * LOW HITPOINT WARNING * * *
You feel sick.
* * * LOW HITPOINT WARNING * * *
You feel sick.
* * * LOW HITPOINT WARNING * * *
You feel sick.
The scorpion stings you but does no damage.
You hit the scorpion but do no damage.
The scorpion is heavily wounded.
The scorpion barely misses you.
You barely miss the scorpion.
The scorpion is heavily wounded.
* * * LOW HITPOINT WARNING * * *
You feel sick. The scorpion barely misses you.
You closely miss the scorpion.
The scorpion is heavily wounded.
* * * LOW HITPOINT WARNING * * *
You feel sick. The scorpion stings you.
You die...

#############
#...@s......#
..######.#########.#
#. ..............#
#.# ..
.#.#####.####.# >..
.. #.# #...# #.#
..... #)# #. #......
#.# #.##.....# ..
#.# #.##...## # #.


You could see a scorpion.

Vanquished Creatures
  A scorpion (D:3)
  A crimson imp (D:4)
  A centaur zombie (D:4)
  An orc wizard (D:3)
  An adder (D:4)
  5 leopard geckos
  4 orcs (D:3)
  A ball python (D:3)
  3 giant cockroaches
  4 goblins
  3 hobgoblins
  4 jackals (D:4)
  A quokka (D:1)
  5 bats
  2 frilled lizards
  A jackal skeleton (D:4)
  7 kobolds
  5 rats
50 creatures vanquished.

Notes
Turn   | Place    | Note
-------+----------+-------------------------------------------
     0 | D:1      | MisterOstroum the Demonspawn Wanderer began the quest for
                  | the Orb.
     0 | D:1      | MisterOstroum set off with the following items: a +2 hand
                  | axe, a +0 ring mail, a potion of lignification {@q6}, a
                  | ration {!d}
     0 | D:1      | Reached XP level 1. HP: 19/19 MP: 1/1
   390 | D:1      | Gained mutation: You regenerate a little health from kills.
                  | [demonic ancestry]
   390 | D:1      | Reached XP level 2. HP: 25/25 MP: 2/2
   882 | D:2      | Noticed Sigmund
  1157 | D:2      | Gained mutation: You have large cloven feet. [demonic
                  | ancestry]
  1157 | D:2      | Reached XP level 3. HP: 31/31 MP: 3/3
  1339 | D:3      | Noticed a scorpion
  1394 | D:4      | Gained mutation: You are surrounded by a mild repulsion
                  | field. (EV +2) [demonic ancestry]
  1394 | D:4      | Reached XP level 4. HP: 38/38 MP: 4/4
  1448 | D:4      | Reached skill level 5 in Fighting
  1761 | D:3      | Reached XP level 5. HP: 34/44 MP: 5/5
  1826 | D:3      | Found a shattered altar of Ashenzari.
  1989 | D:3      | Slain by a scorpion

Skill      XL: |  1  2  3  4 |
---------------+-------------+-----
Axes           | 3 4 |  4.7
Fighting       | 5 |  5.2
Armour         | |  1.2
Dodging        | |  0.3
Stealth        | |  1.0
Evocations     | |  1.0

Action                   |  1- 3 |  4- 6 || total
-------------------------+-------+-------++-------
Melee: Hand axe          |   116 |    84 ||   200
 Fire: Hunting sling     |       |     3 ||     3
Throw: Stone             |    10 |     6 ||    16
  Use: Potion            |     3 |     2 ||     5
  Eat: Chunk             |     1 |     3 ||     4
Armor: Ring mail         |    30 |    20 ||    50
       Skin              |    33 |     2 ||    35
Dodge: Dodged            |    62 |    49 ||   111
